 Dungeon Crawl Stone Soup version 0.21.0-26-g889b8f6 (webtiles) character file.

179 wojtek the Grave Robber (level 5, -5/41 HPs)
             Began as a Demonspawn Necromancer on Jan 27, 2018.
             Was an Initiate of Gozag.
             Killed by divine providence
             ... invoked by an orc priest
              (8 damage)
             ... on level 2 of the Dungeon.
             The game lasted 00:04:56 (2994 turns).

wojtek the Grave Robber (Demonspawn Necromancer)    Turns: 2994, Time: 00:04:57

Health: -5/41      AC:  5    Str:  9    XL:     5   Next: 32%
Magic:  0/8        EV: 10    Int: 16    God:    Gozag
Gold:   206        SH:  0    Dex: 14    Spells: 7/8 levels left

rFire    . . .     SeeInvis .   h - +0 mace
rCold    . . .     Gourm    .   (no shield)
rNeg     . . .     Faith    .   l - +0 ring mail
rPois    .         Spirit   +   (no helmet)
rElec    .         Reflect  .   (no cloak)
rCorr    .         Harm     .   (no gloves)
MR       .....                  (no boots)
Stlth    +.........             (no amulet)
HPRegen  0.13/turn              (no ring)
MPRegen  0.11/turn              (no ring)

@: no status effects
A: magic shield
a: Potion Petition, Call Merchant, Bribe Branch, Renounce Religion


You were on level 2 of the Dungeon.
You worshipped Gozag.
Gozag was aware of your devotion.
You were not hungry.

You visited 1 branch of the dungeon, and saw 3 of its levels.

You collected 225 gold pieces.
You paid 19 gold pieces to Gozag.

Inventory:

Hand Weapons
 e - a +0 short sword
 h - a +0 mace (weapon)
Armour
 a - a +0 robe
 g - a +0 scale mail
 l - a +0 ring mail (worn)
Scrolls
 d - 4 scrolls of identify {unknown}
 f - a scroll of amnesia {unknown}
 i - a scroll of immolation {unknown}
 k - a scroll of blinking {unknown}
 n - a scroll of magic mapping {unknown}
Potions
 j - a potion of degeneration {unknown}
 m - 2 potions of lignification {unknown}
Books
 b - a book of Necromancy

   Spells                             Type                      Level
   a - Pain                           Necromancy                   1
   b - Animate Skeleton               Necromancy                   1
   c - Vampiric Draining              Necromancy                   3
   d - Regeneration                   Charms/Necromancy            3
   e - Animate Dead                   Necromancy                   4
   f - Borgnjor's Vile Clutch         Necromancy/Earth             5
Comestibles
 c - a ration


   Skills:
 + Level 3.1 Fighting
 + Level 2.2 Maces & Flails
 + Level 1.0 Armour
 - Level 1.7 Dodging
 - Level 1.7 Stealth
 - Level 2.0 Spellcasting
 - Level 5.1 Necromancy


You had 7 spell levels left.
You knew the following spells:

 Your Spells              Type           Power        Failure   Level  Hunger
a - Pain                  Necr           ###.         7%          1    #......


Dungeon Overview and Level Annotations

Branches:
Dungeon (3/15)

Altars:
Gozag


Innate Abilities, Weirdness & Mutations

When hurt, damage is shared between your health and your magic reserves.


Message History

Pain shoots through your body!
* * * LOW HITPOINT WARNING * * *
You climb upwards.
There is a stone staircase leading down here.
You hit the orc priest but do no damage.
The orc priest is lightly wounded.
The orc priest hits you but does no damage.
You completely miss the orc priest.
The orc priest is lightly wounded.
The orc priest barely misses you.
You hit the orc priest.
The orc priest is moderately wounded.
The orc priest hits you with a club.
* * * LOW HITPOINT WARNING * * *
You hit the orc priest.
The orc priest is moderately wounded.
The orc priest calls down the wrath of Beogh upon you.
Beogh smites you!
You die...
Your body crumbles into a pile of gold.

#.# #......<# # ##.######.......#
# #......##.......# #
#..###.##.......#
#..###.##.).....# #
##....#.#####.#### # #.........#
#.# #### # #.o##.#)#.# #.###... #
#..@....#.# #....... #
##########.###.###.# #####.#. #
#.......##.# #.....# #.#.
#####.#####.##.#######.#######...
.................# #.......)...
#####.#####.##.#.#####.###.......
# #.#####.##......(..# #.######
## #.......####.####### #.# #. .#
######### ##.# ##.## #.


You could see an orc priest.

Vanquished Creatures
  An orc wizard (D:2)
  An orc priest (D:3)
  Terence (D:2)
  Jessica (D:2)
  An ooze (D:1)
  2 worms (D:2)
  2 dart slugs (D:1)
  3 leopard geckos
  3 orcs (D:3)
  6 bats
  A giant cockroach (D:1)
  4 goblins
  3 hobgoblins
  3 jackals (D:1)
  9 kobolds
  A ball python (D:2)
  3 frilled lizards
  8 rats
53 creatures vanquished.

Notes
Turn   | Place    | Note
-------+----------+-------------------------------------------
     0 | D:1      | wojtek the Demonspawn Necromancer began the quest for the Orb.
     0 | D:1      | Reached XP level 1. HP: 13/13 MP: 3/3
   679 | D:1      | Gained mutation: When hurt, damage is shared between your health and your magic reserves. [demonic ancestry]
   679 | D:1      | Reached XP level 2. HP: 19/19 MP: 3/5
   689 | D:1      | Reached skill level 5 in Necromancy
   974 | D:1      | Reached skill level 1 in Fighting
  1017 | D:1      | Reached XP level 3. HP: 24/26 MP: 2/6
  1466 | D:2      | Noticed Terence
  1485 | D:2      | Found an opulent altar of Gozag.
  1566 | D:2      | Became a worshipper of Gozag Ym Sagoz the Greedy
  1787 | D:2      | Killed Terence
  1787 | D:2      | Reached skill level 1 in Maces & Flails
  1787 | D:2      | Reached XP level 4. HP: 10/33 MP: 0/7
  2353 | D:2      | Noticed Jessica
  2355 | D:2      | Killed Jessica
  2674 | D:3      | Reached XP level 5. HP: 18/40 MP: 3/8
  2827 | D:2      | Reached skill level 1 in Armour
  2994 | D:2      | Killed from afar by an orc priest

Skill      XL: |  1  2  3  4  5 |
---------------+----------------+-----
Necromancy     | 5 |  5.1
Fighting       | 1 2 3 |  3.1
Maces & Flails | 1 2 |  2.2
Armour         | 1 |  1.0
Dodging        | |  1.7
Stealth        | |  1.7
Spellcasting   | |  2.0

Action                   |  1- 3 |  4- 6 || total
-------------------------+-------+-------++-------
Melee: Unarmed           |     9 |       ||     9
       Short sword       |    30 |       ||    30
       Mace              |    16 |    59 ||    75
 Cast: Pain              |    45 |    16 ||    61
 Stab: Sleeping          |     2 |     1 ||     3
       Distracted        |       |     1 ||     1
  Eat: Chunk             |     2 |       ||     2
       Ration            |       |     2 ||     2
Armor: Robe              |    10 |     6 ||    16
       Ring mail         |       |     9 ||     9
Dodge: Dodged            |    48 |    50 ||    98
